 Dungeon Crawl Stone Soup version 0.28-a0-1234-g826d19b2e0 (webtiles) character file.

Game seed: 14127502177591689784

3 r3xj the Covered (level 1, -11/20 HPs)
             Began as a Minotaur Fighter on Dec 23, 2021.
             Mangled by a kobold (17 damage)
             ... on level 1 of the Dungeon.
             The game lasted 00:00:12 (30 turns).

r3xj the Covered (Minotaur Fighter)                   Turns: 30, Time: 00:00:42

Health: -11/20     AC:  7    Str: 20    XL:     1   Next: 41%
Magic:  0/0        EV:  9    Int:  5    God:
Gold:   0          SH:  4    Dex:  9    Spells: 0/0 levels left

rFire   . . .      SeeInvis .   a - +0 flail
rCold   . . .      Faith    .   c - +0 buckler
rNeg    . . .      Spirit   .   b - +0 scale mail
rPois   .          Reflect  .   (helmet restricted)
rElec   .          Harm     .   (no cloak)
rCorr   .          Rampage  .   (no gloves)
Will    .....                   (no boots)
Stlth   ..........              (no amulet)
HPRegen 0.06/turn               (no ring)
MPRegen 0.07/turn               (no ring)

@: no status effects
A: horns 2, retaliatory headbutt
a: no special abilities


You were on level 1 of the Dungeon.
You visited 1 branch of the dungeon, and saw 1 of its levels.

Inventory:

Hand Weapons
 a - a +0 flail (weapon)
Armour
 b - a +0 scale mail (worn)
 c - a +0 buckler (worn)
Potions
 d - a potion of might


   Skills:
 + Level 3.7 Fighting
 + Level 2.5 Maces & Flails
 + Level 3.7 Armour
 + Level 3.7 Shields


You couldn't memorise any spells.
You didn't know any spells.
Your spell library was empty.

Dungeon Overview and Level Annotations

Branches:
Dungeon (1/15)

Altars:


Innate Abilities, Weirdness & Mutations

You have a pair of horns on your head.
You reflexively headbutt those who attack you in melee.


Message History

There are monsters nearby!
You closely miss the kobold. The kobold hits you with a +0 club.
There are monsters nearby!
You hit the kobold. Your headbutt misses the kobold.
The kobold is moderately wounded.
The kobold hits you with a +0 club. You block the kobold's attack.
There are monsters nearby!
You hit the kobold but do no damage.
The kobold is moderately wounded.
The kobold hits you but does no damage.
There are monsters nearby!
You barely miss the kobold. Your headbutt misses the kobold.
The kobold is moderately wounded.
The kobold barely misses you.
There are monsters nearby!
You closely miss the kobold. Your headbutt misses the kobold.
The kobold is moderately wounded.
The kobold barely misses you.
A kobold comes into view.
It is wielding a +2 short sword of distortion.
There are monsters nearby!
The kobold shouts!
You hit the kobold.
You kill the kobold!
You hear a shout!
You block the endoplasm's attack.
There are monsters nearby!
You hit the endoplasm.
The endoplasm is moderately wounded.
The endoplasm hits you.
There are monsters nearby!
You barely miss the endoplasm. You headbutt the endoplasm.
You kill the endoplasm!
A kobold is nearby!
You barely miss the kobold. Your headbutt misses the kobold.
The kobold hits you with a +2 short sword of distortion.
Space warps around you.
* * * LOW HITPOINT WARNING * * *
The kobold hits you but does no damage. Space warps horribly around you!
Ouch! That really hurt!
You die...

######## .......
..##.# #K##.#
#@##.#
#....#####...
####.........
#.#######. #.#
#.# ###.#######
.######.........#
........#.#####.#
#


You could see a kobold.

Vanquished Creatures
  An endoplasm (D:1)
  A giant cockroach (D:1)
  A kobold (D:1)
3 creatures vanquished.

Notes
Turn   | Place    | Note
-------+----------+-------------------------------------------
     0 | D:1      | r3xj the Minotaur Fighter began the quest for the Orb.
     0 | D:1      | Reached XP level 1. HP: 19/19 MP: 0/0
    30 | D:1      | Mangled by a kobold

Illustrated notes

Levels and vault maps discovered:
D:1:      dpeg_arrival_orchard, layout_loops_ring, serial_shops,
          nicolae_diamond_shop, ebering_ecumenical_altar_ruins

Action                   || total
-------------------------++-------
Melee: Flail             ||    10
       Headbutt          ||     2
Armor: Scale mail        ||     2
Dodge: Dodged            ||     2
Block: Buckler           ||     2

Table legend: (Time is in decaauts)
 A = Elapsed time spent in this place.
 B = Non-inter-level travel time spent in this place.
 C = Inter-level travel time spent in this place.
 D = Time resting spent in this place.
 E = Time spent auto-exploring this place.
 F = Levels seen in this place.
 G = Mean time per level.
                   A        B        C        D        E       F      G
               +--------+--------+--------+--------+--------+-----+--------+
         Total |     32 |     32 |      0 |      0 |     16 |   1 |   32.0 |
       Dungeon |     32 |     32 |      0 |      0 |     16 |   1 |   32.0 |
               +--------+--------+--------+--------+--------+-----+--------+

Top non-repeatable levels by time:
     D:1: 32 daAuts
